 Dungeon Crawl Stone Soup version 0.16.2-12-gd0ad4c3 (webtiles) character file.

132461 faibistes the Eclecticist (level 16, -2/98 HPs)
             Began as a Deep Elf Wizard on Jan 26, 2019.
             Was the Champion of Sif Muna.
             Killed from afar by Nikola (6 damage)
             ... with a chain lightning
             ... on level 3 of the Swamp.
             The game lasted 03:04:29 (55211 turns).

faibistes the Eclecticist (Deep Elf Wizard)        Turns: 55211, Time: 03:04:30

Health: -2/98      AC:  6    Str:  4    XL:     16   Next: 57%
Magic:  2/50       EV: 17    Int: 37    God:    Sif Muna [******]
Gold:   1701       SH:  0    Dex: 13    Spells: 15 memorised, 5 levels left

rFire  . . .     SeeInvis +     w - +5 short sword (venom)
rCold  . . .     Clarity  .     r - +0 robe {MR+}
rNeg   . . .     SustAb   .     (no shield)
rPois  +         Gourm    .     b - +0 hat
rElec  +         Spirit   .     V - +1 cloak
rCorr  .         Warding  .     c - +0 pair of gloves
rMut   +         Stasis   .     Y - +0 pair of boots {run}
MR     ++...                    G - amulet of Iggib {rMut +Blink MP+9}
Stlth  ++........               v - +6 ring of intelligence
                                i - ring of poison resistance

@: about to teleport, studying Fighting, repel missiles, quick, very resistant
to hostile enchantments, unstealthy
A: see invisible, electricity resistance
a: Channel Energy, Forget Spell, Renounce Religion, Evoke Blink


You were on level 3 of the Swamp.
You worshipped Sif Muna.
Sif Muna was exalted by your worship.
You were not hungry.

You visited 6 branches of the dungeon, and saw 30 of its levels.

You collected 3074 gold pieces.
You spent 1373 gold pieces at shops.

Inventory:

Hand weapons
 s - the +2 scimitar "Foaphug" {drain, +Inv rF+ MR+ Str+3 Dex-4}
   (You found it on level 2 of the Lair of Beasts)

   A truly terrible weapon, it drains the life of those it strikes.
   It affects your strength (+3).
   It affects your dexterity (-4).
   It protects you from fire.
   It affects your resistance to hostile enchantments.
   It lets you turn invisible.
 w - a +5 short sword of venom (weapon)
Armour
 b - a +0 hat (worn)
 c - a +0 pair of gloves (worn)
 r - a +0 robe of magic resistance (worn)
 V - a +1 cloak (worn)
 Y - a +0 pair of boots of running (worn)
Jewellery
 e - an uncursed ring of protection from cold
 i - a ring of poison resistance (left hand)
 j - a cursed amulet of resist corrosion
 v - a +6 ring of intelligence (right hand)
 G - the amulet of Iggib (around neck) {rMut +Blink MP+9}
   (You found it on level 4 of the Dungeon)

   [amulet of resist mutation]

   It protects you from mutation.
   It affects your magic capacity (+9).
   It lets you blink.
 R - an uncursed ring of positive energy
Magical devices
 h - a wand of draining (6)
 o - a wand of lightning (6)
 C - a wand of lightning (6)
 F - a wand of enslavement (4)
 H - a wand of cold (5)
 I - a wand of cold (10)
 S - a wand of cold (9)
 W - a wand of digging (0)
Scrolls
 g - 11 scrolls of remove curse
 t - 5 scrolls of fear
 x - a scroll of fog
 y - 4 scrolls of magic mapping
 J - a scroll of holy word
 N - 8 scrolls of identify
 O - a scroll of summoning
 T - 3 scrolls of recharging
 U - 2 scrolls of blinking
Potions
 f - 2 potions of cancellation
 p - a potion of ambrosia
 q - 2 potions of resistance
 z - 4 potions of heal wounds
 A - a potion of haste
 B - 3 potions of restore abilities
 D - a potion of cure mutation
 E - a potion of flight
 K - 2 potions of invisibility
 L - 6 potions of brilliance
 M - 5 potions of curing
 Q - 2 potions of magic
Books
 k - Joufi's Compendium of Boosts and Combat Magic
   (Sif Muna gifted it to you on level 2 of the Swamp)

   Spells                             Type                      Level
   a - Infusion                       Charms                       1
   b - Sure Blade                     Hexes/Charms                 2
   c - Iskenderun's Battlesphere      Conjuration/Charms           5
   d - Irradiate                      Conjuration/Transmutation    5
   e - Ring of Flames                 Charms/Fire                  7
 Z - a manual of Fighting
Miscellaneous
 P - a phial of floods
Comestibles
 a - a beef jerky
 d - 17 bread rations
 l - 11 meat rations
 m - a royal jelly
 n - a chunk of flesh
 u - 22 fruits


   Skills:
 + Level 10.5 Fighting
 - Level 10.0 Dodging
 - Level 2.4 Stealth
 * Level 17.9 Spellcasting
 + Level 11.5 Conjurations
 * Level 8.0 Charms
 - Level 1.1 Summonings
 - Level 3.5 Necromancy
 - Level 7.4 Translocations
 - Level 3.1 Transmutations
 + Level 11.6 Fire Magic
 - Level 3.2 Air Magic
 * Level 9.9 Earth Magic
 - Level 3.4 Poison Magic
 - Level 10.1 Invocations
 - Level 9.0 Evocations


You had 5 spell levels left.
You knew the following spells:

 Your Spells              Type           Power        Failure   Level  Hunger
a - Magic Dart            Conj           ####         0%          1    None
b - Conjure Flame         Conj/Fire      #######.     1%          3    None
c - Iskenderun's Battles  Conj/Chrm      #######.     1%          5    None
d - Blink                 Tloc           N/A          1%          2    None
e - Mephitic Cloud        Conj/Pois/Air  ######..     1%          3    None
f - Repel Missiles        Chrm/Air       ######       1%          2    None
g - Stoneskin             Trmt/Erth      ######..     1%          2    None
h - Shroud of Golubria    Chrm/Tloc      ######....   1%          2    None
i - Regeneration          Chrm/Necr      ######....   1%          3    None
j - Dazzling Spray        Conj/Hex       ######..     1%          3    None
k - Vampiric Draining     Necr           ######....   1%          3    None
l - Call Imp              Summ           #####...     1%          2    None
v - Venom Bolt            Conj/Pois      ######....   1%          5    None
x - Sticky Flame          Conj/Fire      #######.     1%          4    None
z - Fireball              Conj/Fire      #######...   1%          5    None


Dungeon Overview and Level Annotations

Branches:
Dungeon (11/15)            Temple (1/1) D:6            Lair (8/8) D:8
  Swamp (4/5) Lair:4       Spider (0/5) Lair:6          Orc (4/4) D:10
    Elf (2/3) Orc:4
  Slime: Lair:6-8

Altars:
Ashenzari
Cheibriados
Dithmenos
Elyvilon
Fedhas
Gozag
Kikubaaqudgha
Makhleb
Nemelex Xobeh
Okawaru
Qazlal
Ru
Sif Muna
Trog
Vehumet
Xom
Yredelemnul
Zin
The Shining One
Beogh

Shops:
D:10 [?   Orc:4 [(!(

Annotations:
Lair:6 exclusion: 2 oklob plants
Swamp:3 Nikola
Elf:1 exclusion: Roxanne, Roxanne
Elf:2 3 runed doors


Innate Abilities, Weirdness & Mutations

You have supernaturally acute eyesight.
You are resistant to electric shocks.


Message History

Aim: Nikola, wielding the +4 arc blade {discharge, rElec}, wearing a cloak and wearing a pair of gloves (lightly wounded)
The bolt of cold hits Nikola.
Nikola is moderately wounded.
Evoking this partially-identified wand wasted a few charges.
Your skill with magical items lets you calculate the power of this device...
This wand has 9 charges left.
Nikola gestures wildly while chanting.
You hear a mighty clap of thunder!
The lightning arc hits your battlesphere.
Your battlesphere resists.
The lightning arc hits you! You resist.
* * * LOW HITPOINT WARNING * * *
The lightning arc hits your battlesphere.
Your battlesphere resists.
The lightning arc hits you! You resist.
* * * LOW HITPOINT WARNING * * *
The lightning arc hits your battlesphere.
Your battlesphere resists.
The lightning arc hits you! You resist.
You die...

≈≈≈≈.♣♣.≈≈≈.♣
≈≈≈≈≈♣♣♣....♣ .≈
≈≈≈.≈♣♣♣≈..♣♣ ...
≈..§♣♣..♣♣♣♣ ♣♣♣♣♣♣♣P..@
≈.≈♣♣..≈.♣♣♣..
♣.....≈@≈≈≈.
≈.♣♣♣≈≈≈≈.§.≈.♣
♣≈≈≈≈≈≈≈≈≈≈.
...≈.≈≈≈≈≈≈♣..
♣.≈≈.≈≈≈≈≈.. ..≈≈≈..≈≈≈≈♣
♣♣♣♣ ♣..≈...♣ ≈≈≈≈≈≈♣♣.≈♣♣
♣@*♣♣♣.§≈...♣♣ ≈≈≈≈≈♣♣ ♣♣♣
♣≈≈.§§@≈≈..≈.♣ ....♣♣
♣≈≈≈.≈§..♣≈≈≈♣ ....♣
♣.≈≈≈≈.≈≈≈≈..♣♣♣♣ ≈...♣♣
♣≈≈≈≈≈≈≈≈≈≈≈.≈♣ .≈≈≈.♣♣
♣≈≈≈≈≈≈≈..≈≈.♣♣ ≈.≈≈≈.♣♣
♣..≈≈≈≈....)♣♣
♣♣....≈♣♣♣♣♣♣♣≈........♣♣♣
♣♣.≈≈≈.......≈♣♣♣♣.≈≈≈≈≈≈.


You could see Nikola.

Vanquished Creatures
  An orc warlord (Orc:4)
  Louise (Swamp:1)
  A deep elf sorcerer (Elf:1)
  Gastronok (Orc:1)
  2 deep elf demonologists (Elf:2)
  16 hydras
  11 alligators
  A death yak (Lair:6)
  7 orc high priests
  12 deep elf knights
  6 deep elf summoners
  2 hill giants (D:10)
  A swamp dragon (Swamp:1)
  A griffon (Lair:4)
  4 orc knights
  6 orc sorcerers
  9 deep elf conjurers
  3 hornets
  A centaur zombie (D:10)
  3 black mambas
  24 elephants
  20 spiny frogs
  A centaur skeleton (D:10)
  A torpor snail (Lair:6)
  A kobold demonologist (D:11)
  7 deep elf priests
  A spriggan druid (Lair:8)
  8 fire drakes
  7 trolls
  12 komodo dragons
  8 polar bears
  2 wandering mushrooms (Lair:1)
  11 ravens
  5 giant leeches
  5 two-headed ogres
  8 baby alligators
  7 bog bodies
  6 slime creatures (Swamp:3)
  20 blink frogs
  3 trapdoor spiders (Lair:6)
  19 spriggans
  A wyvern (D:9)
  5 redbacks
  2 basilisks (Lair:7)
  A shadow (Swamp:2)
  6 vampire mosquitoes
  35 yaks
  22 deep elf magi
  Eustachio (D:4)
  A hungry ghost (D:8)
  5 hippogriffs
  18 deep elf fighters
  3 insubstantial wisps (Swamp:3)
  2 wargs (Orc:3)
  Edmund (D:4)
  11 swamp worms
  36 wolves
  A mottled dragon (D:11)
  11 porcupines
  4 swamp drakes
  55 orc warriors
  9 wasps
  3 ice beasts
  16 water moccasins
  A phantom (D:10)
  4 black bears (Lair:8)
  2 sky beasts (D:8)
  17 ogres
  17 crocodiles
  Sigmund (D:4)
  A brain worm (Lair:8)
  15 giant frogs
  5 centaurs
  A boring beetle (Lair:7)
  7 scorpions
  A wyvern skeleton (D:10)
  4 wights
  10 killer bees
  9 crimson imps
  3 electric eels
  A goliath beetle (shapeshifter) (Elf:2)
  5 hounds
  A goliath beetle (D:6)
  43 orc priests
  A gnoll shaman (D:7)
  2 jellies
  A giant frog skeleton (D:9)
  33 orc wizards
  9 worker ants
  Natasha (thrice) (D:4)
  10 iguanas
  A hell rat (Elf:2)
  A killer bee zombie (D:7)
  34 sheep
  A hound zombie (D:6)
  2 hound skeletons
  A mummy (D:9)
  7 gnolls (D:7)
  43 river rats
  31 adders
  2 shadow imps
  3 giant mites
  11 white imps
  2 worms
  An adder zombie (D:8)
  6 giant geckos
  2 oozes
  343 orcs
  3 ball pythons
  13 bats
  2 bat skeletons
  A bat zombie (D:5)
  4 giant cockroaches
  31 goblins
  21 hobgoblins
  16 jackals
  15 kobolds
  18 quokkas
  2 ball python skeletons
  A giant gecko skeleton (D:8)
  3 giant newts
  A giant spore (D:8)
  A jackal zombie (D:7)
  An orc skeleton (D:4)
  A quokka skeleton (D:8)
  14 rats
  2 fungi (Lair:8)
  A plant (D:8)
1363 creatures vanquished.

Vanquished Creatures (collateral kills)
  The ghost of faibistes the Thaumaturge, a powerful DEWz of Sif Muna (Lair:4)
  2 dancing weapons
  A spiny frog (Lair:6)
  A water moccasin (Lair:1)
  2 killer bees (D:8)
  4 river rats
  A white imp (Lair:5)
  A worm (D:3)
  A giant gecko (D:3)
  2 jackals (D:3)
16 creatures vanquished.

Vanquished Creatures (others)
  A deep elf high priest (Elf:1)
  2 deep elf conjurers
  A trapdoor spider (Lair:6)
  A deep elf fighter (Elf:2)
  2 crimson imps (Lair:3)
  An iron imp (Lair:3)
  4 white imps
  A shadow imp (D:3)
  73 fungi
  37 plants
123 creatures vanquished.

Grand Total: 1502 creatures vanquished

Notes
Turn   | Place    | Note
--------------------------------------------------------------
     0 | D:1      | faibistes, the Deep Elf Wizard, began the quest for the Orb.
     0 | D:1      | Reached XP level 1. HP: 10/10 MP: 6/6
   304 | D:2      | Reached XP level 2. HP: 15/15 MP: 2/10
   308 | D:2      | Learned a level 2 spell: Blink
   311 | D:2      | Learned a level 2 spell: Call Imp
   851 | D:2      | Found a burning altar of Makhleb.
   853 | D:2      | Noticed an Executioner
   873 | D:3      | Reached skill level 5 in Spellcasting
   873 | D:3      | Reached XP level 3. HP: 19/19 MP: 1/14
   878 | D:3      | Learned a level 3 spell: Conjure Flame
   882 | D:3      | Learned a level 3 spell: Mephitic Cloud
  1307 | D:3      | Noticed a scorpion
  1404 | D:3      | Killed a scorpion
  1404 | D:3      | Reached XP level 4. HP: 7/24 MP: 9/17
  1460 | D:3      | Found a glowing drain.
  1532 | D:3      | Reached XP level 5. HP: 15/28 MP: 6/20
  1536 | D:3      | Learned a level 2 spell: Repel Missiles
  1839 | D:2      | Reached skill level 6 in Spellcasting
  2761 | D:4      | Noticed an ogre
  2777 | D:4      | Killed an ogre
  2777 | D:4      | Reached XP level 6. HP: 32/32 MP: 10/22
  2843 | D:5      | Entered Level 5 of the Dungeon
  3076 | D:3      | Reached skill level 7 in Spellcasting
  3488 | D:4      | Noticed Eustachio
  3508 | D:4      | Killed Eustachio
  3508 | D:4      | Reached skill level 1 in Fighting
  3508 | D:4      | Reached skill level 1 in Evocations
  3508 | D:4      | Reached XP level 7. HP: 24/38 MP: 15/25
  3652 | D:4      | Got a glittering diamond amulet
  3996 | D:4      | Reached skill level 5 in Dodging
  4011 | D:4      | Identified the amulet of Iggib {rMut +Blink MP+9} (You found it on level 4 of the Dungeon)
  4286 | D:4      | Noticed Natasha
  4293 | D:4      | Killed Natasha
  4293 | D:4      | Reached skill level 8 in Spellcasting
  4455 | D:4      | Noticed Natasha
  4461 | D:4      | Killed Natasha
  4539 | D:4      | Noticed Natasha
  4541 | D:4      | Killed Natasha
  5358 | D:4      | Noticed Edmund
  5374 | D:4      | Killed Edmund
  5374 | D:4      | Reached XP level 8. HP: 45/45 MP: 25/27
  5381 | D:4      | Noticed Sigmund
  5397 | D:4      | Killed Sigmund
  5826 | D:5      | Reached skill level 9 in Spellcasting
  6467 | D:6      | Found a staircase to the Ecumenical Temple.
  6482 | Temple   | Entered the Ecumenical Temple
  7744 | D:7      | Found a deep blue altar of Sif Muna.
  7805 | D:8      | Reached XP level 9. HP: 52/52 MP: 29/30
  7811 | D:8      | Reached skill level 10 in Spellcasting
  8179 | D:8      | Reached skill level 5 in Fighting
  8505 | D:8      | Reached skill level 5 in Evocations
  8589 | D:8      | Found a staircase to the Lair.
  8616 | D:8      | Reached skill level 11 in Spellcasting
  9408 | D:7      | Found a radiant altar of Vehumet.
  9417 | D:7      | Became a worshipper of Sif Muna the Loreminder
  9576 | D:7      | Reached XP level 10. HP: 52/60 MP: 32/32
  9763 | D:7      | Reached skill level 1 in Air Magic
 10172 | D:7      | Reached skill level 1 in Poison Magic
 10261 | D:7      | Reached skill level 1 in Fire Magic
 11083 | D:7      | Acquired Sif Muna's first power
 11330 | D:8      | Reached skill level 1 in Invocations
 11342 | D:8      | Reached skill level 1 in Charms
 11801 | Lair:1   | Entered Level 1 of the Lair of Beasts
 11964 | Lair:1   | Gained mutation: You have supernaturally acute eyesight. [potion of beneficial mutation]
 12105 | Lair:1   | Got a bone flail
 12106 | Lair:1   | Identified the cursed +3 flail "Xizucsaph" {crush, Str+2} (You found it on level 1 of the Lair of Beasts)
 12132 | Lair:1   | Acquired Sif Muna's second power
 12132 | Lair:1   | Reached skill level 12 in Spellcasting
 12473 | Lair:1   | Reached skill level 5 in Conjurations
 12962 | Lair:2   | Noticed a black mamba
 12969 | Lair:2   | Killed a black mamba
 12969 | Lair:2   | Reached XP level 11. HP: 66/66 MP: 33/34
 13309 | Lair:3   | Gained mutation: You are resistant to electric shocks. [potion of beneficial mutation]
 13753 | Lair:2   | Got a faintly glowing scimitar
 13754 | Lair:2   | Identified the cursed +2 scimitar "Foaphug" {drain, +Inv rF+ MR+ Str+3 Dex-4} (You found it on level 2 of the Lair of Beasts)
 14150 | Lair:2   | Got a warped robe
 14161 | Lair:2   | Identified the +3 robe of the Swamp {Str+2 Dex+3} (You found it on level 2 of the Lair of Beasts)
 15537 | Lair:3   | Reached skill level 5 in Fire Magic
 16511 | Lair:3   | Reached skill level 13 in Spellcasting
 16524 | Lair:3   | Reached skill level 5 in Invocations
 16919 | Lair:3   | Acquired Sif Muna's third power
 17036 | Lair:4   | Noticed faibistes' ghost (powerful DEWz)
 17566 | Lair:3   | Reached XP level 12. HP: 30/71 MP: 32/35
 17781 | Lair:4   | Killed faibistes' ghost
 17810 | Lair:3   | Reached skill level 5 in Charms
 18964 | Lair:4   | Found a staircase to the Swamp.
 19092 | Lair:4   | Found a shimmering altar of Xom.
 19595 | Lair:5   | Noticed a five-headed hydra
 19604 | Lair:5   | Killed a five-headed hydra
 19604 | Lair:5   | Reached skill level 5 in Translocations
 20570 | Lair:6   | Found a frozen archway.
 20821 | Lair:5   | Noticed an eight-headed hydra
 20859 | Lair:5   | Killed an eight-headed hydra
 20973 | Lair:6   | Noticed an eight-headed hydra
 21026 | Lair:6   | Killed an eight-headed hydra
 23230 | Lair:6   | Found a hole to the Spider Nest.
 23419 | Lair:7   | Reached XP level 13. HP: 76/76 MP: 31/36
 23496 | Lair:7   | Reached skill level 14 in Spellcasting
 24361 | Lair:6   | Noticed a six-headed hydra
 24916 | Lair:6   | Killed a six-headed hydra
 26749 | Lair:8   | Entered Level 8 of the Lair of Beasts
 26881 | Lair:7   | Learned a level 4 spell: Animate Dead
 26887 | Lair:7   | Learned a level 4 spell: Control Undead
 26891 | Lair:7   | Learned a level 3 spell: Vampiric Draining
 26895 | Lair:7   | Learned a level 3 spell: Regeneration
 26935 | Lair:7   | Received a gift from Sif Muna
 26936 | Lair:7   | Identified Sif Muna's Catalogue of Flamy Attacks (Sif Muna gifted it to you on level 7 of the Lair of Beasts)
 26941 | Lair:7   | Learned a level 3 spell: Dazzling Spray
 26947 | Lair:7   | Learned a level 5 spell: Venom Bolt
 27054 | Lair:7   | Reached skill level 1 in Necromancy
 27977 | Lair:7   | Reached skill level 10 in Dodging
 29682 | Lair:8   | Reached XP level 14. HP: 72/82 MP: 19/38
 31191 | Lair:8   | Reached skill level 15 in Spellcasting
 32088 | D:10     | Entered Level 10 of the Dungeon
 32426 | D:9      | Received a gift from Sif Muna
 32427 | D:9      | Identified Dentef's Papyrus of Talismans (Sif Muna gifted it to you on level 9 of the Dungeon)
 32431 | D:9      | Learned a level 2 spell: Shroud of Golubria
 33217 | D:10     | Learned a level 5 spell: Fireball
 33222 | D:10     | Learned a level 4 spell: Sticky Flame
 33256 | D:10     | Found Sotwyj's Armour Boutique.
 33261 | D:10     | Found a staircase to the Orcish Mines.
 33392 | D:10     | Bought a +0 pair of gloves for 58 gold pieces
 34020 | Lair:2   | Learned a level 2 spell: Stoneskin
 34501 | D:10     | Found Secatia's Magic Scroll Shop.
 34505 | D:10     | Bought a scroll of teleportation for 30 gold pieces
 34505 | D:10     | Bought a scroll of fear for 35 gold pieces
 34505 | D:10     | Bought a scroll of holy word for 75 gold pieces
 34725 | Orc:1    | Entered Level 1 of the Orcish Mines
 34795 | Orc:4    | Entered Level 4 of the Orcish Mines
 34910 | Orc:4    | Reached skill level 1 in Earth Magic
 35069 | Orc:1    | Noticed Gastronok
 35074 | Orc:1    | Reached skill level 10 in Fire Magic
 35573 | Orc:1    | Killed Gastronok
 35573 | Orc:1    | Reached skill level 1 in Transmutations
 38978 | Orc:4    | Found a roughly hewn altar of Beogh.
 39034 | Orc:4    | Found Xasmesul's Antique Weapon Emporium.
 39097 | Orc:4    | Found Twievoda's Armour Shoppe.
 39116 | Orc:4    | Bought a +0 pair of boots of running for 346 gold pieces
 39147 | Orc:4    | Bought a crystal rapier for 234 gold pieces
 39147 | Orc:4    | Identified the cursed -2 rapier "Allotees" {freeze, Dex+6 SInv Stlth+} (You bought it in a shop on level 4 of the Orcish Mines)
 40579 | Orc:4    | Found a staircase to the Elven Halls.
 40645 | Orc:4    | Paralysed by an orc sorcerer for 5 turns
 40650 | Orc:4    | Reached skill level 10 in Invocations
 41172 | Orc:4    | Noticed an orc warlord
 41609 | Orc:4    | Reached skill level 10 in Conjurations
 41612 | Orc:4    | Killed an orc warlord
 41636 | Orc:4    | Found a roughly hewn altar of Beogh.
 41828 | Orc:4    | Reached XP level 15. HP: 76/89 MP: 13/39
 41949 | Orc:4    | Found Phuleq's Distillery.
 41959 | Orc:4    | Bought 2 potions of curing for 102 gold pieces
 41959 | Orc:4    | Bought 2 potions of heal wounds for 170 gold pieces
 41959 | Orc:4    | Bought a potion of curing for 51 gold pieces
 41959 | Orc:4    | Bought a potion of magic for 136 gold pieces
 41959 | Orc:4    | Bought a potion of cancellation for 136 gold pieces
 42521 | Orc:4    | Found Ibbooq's Weapon Shoppe.
 43478 | Elf:1    | Entered Level 1 of the Elven Halls
 43921 | Elf:1    | Reached skill level 16 in Spellcasting
 43921 | Elf:1    | Reached skill level 5 in Earth Magic
 43968 | Elf:2    | Received a gift from Sif Muna
 43971 | Elf:2    | Identified Romoquase's Almanac of Dislocation (Sif Muna gifted it to you on level 2 of the Elven Halls)
 45829 | Elf:1    | Noticed Roxanne
 46132 | Elf:1    | Received a gift from Sif Muna
 46133 | Elf:1    | Identified Vuwos' Collected Works on Igneous Attacks (Sif Muna gifted it to you on level 1 of the Elven Halls)
 47741 | Elf:2    | Found a runed gate.
 47741 | Elf:2    | Found a runed gate.
 47742 | Elf:2    | Found a runed gate.
 48449 | Swamp:1  | Entered Level 1 of the Swamp
 48449 | Swamp:1  | Noticed Louise
 48454 | Swamp:1  | Killed Louise
 48454 | Swamp:1  | Reached skill level 17 in Spellcasting
 49645 | Swamp:2  | Reached XP level 16. HP: 39/97 MP: 7/41
 50023 | Swamp:1  | Reached skill level 10 in Fighting
 52769 | Swamp:2  | Received a gift from Sif Muna
 52770 | Swamp:2  | Identified Joufi's Compendium of Boosts and Combat Magic (Sif Muna gifted it to you on level 2 of the Swamp)
 54152 | Swamp:2  | Learned a level 5 spell: Iskenderun's Battlesphere
 55192 | Swamp:3  | Noticed Nikola
 55211 | Swamp:3  | HP: 4/98 [Nikola/chain lightning (6)]
 55211 | Swamp:3  | Killed from afar by Nikola

Action                   |  1- 3 |  4- 6 |  7- 9 | 10-12 | 13-15 | 16-18 || total
-------------------------+-------+-------+-------+-------+-------+-------++-------
Melee: Unarmed           |     1 |       |       |       |       |       ||     1
       Dagger            |    12 |       |       |       |       |       ||    12
       Short sword       |     8 |    32 |    92 |   229 |   335 |    12 ||   708
       Flail             |       |       |       |    45 |       |       ||    45
       Scimitar          |       |       |       |    10 |    30 |       ||    40
 Cast: Magic Dart        |    59 |   117 |   360 |   917 |   219 |    17 ||  1689
       Call Imp          |     3 |     3 |       |    26 |    18 |       ||    50
       Mephitic Cloud    |     3 |     5 |    52 |    66 |    33 |     1 ||   160
       Conjure Flame     |       |     3 |    32 |   107 |    96 |       ||   238
       Repel Missiles    |       |     2 |     1 |     3 |     3 |       ||     9
       Blink             |       |       |     2 |    30 |    49 |    23 ||   104
       Vampiric Draining |       |       |       |       |   129 |     7 ||   136
       Venom Bolt        |       |       |       |       |   130 |     5 ||   135
       Dazzling Spray    |       |       |       |       |    58 |       ||    58
       Fireball          |       |       |       |       |   435 |   137 ||   572
       Sticky Flame      |       |       |       |       |    92 |    33 ||   125
       Regeneration      |       |       |       |       |     7 |       ||     7
       Stoneskin         |       |       |       |       |     7 |       ||     7
       Shroud of Golubri |       |       |       |       |     6 |       ||     6
       Iskenderun's Batt |       |       |       |       |       |     8 ||     8
Invok: Channel Energy    |       |       |       |     8 |   101 |    14 ||   123
 Abil: Evoke Invisibilit |       |       |       |     3 |     1 |       ||     4
Evoke: Wand              |       |       |       |     4 |     7 |     1 ||    12
  Use: Scroll            |     3 |     1 |    13 |    16 |    18 |     3 ||    54
       Potion            |       |     2 |       |     3 |     8 |     1 ||    14
 Stab: Confused          |     1 |     4 |    10 |    21 |    12 |       ||    48
       Sleeping          |       |       |     1 |     2 |       |       ||     3
       Invisible         |       |       |       |     2 |     5 |       ||     7
  Eat: Chunk             |     1 |     6 |    19 |    44 |    70 |    11 ||   151
       Fruit             |       |       |       |     2 |    11 |     5 ||    18
       Beef jerky        |       |       |       |       |     7 |     1 ||     8
       Pizza             |       |       |       |       |     2 |     1 ||     3
       Royal jelly       |       |       |       |       |     1 |       ||     1
